 Dungeon Crawl Stone Soup version 0.25-b1-37-g2669288c55 (webtiles) character file.

Game seed: 10429761468903737169

3337 FunkcjonariuszKulson the Carver (level 9, -6/81 HPs)
             Began as a Minotaur Berserker on June 5, 2020.
             Was an Elder of Trog.
             Mangled by a ten-headed hydra (10 damage)
             ... on level 8 of the Dungeon.
             The game lasted 00:21:46 (7679 turns).

FunkcjonariuszKulson the Carver (MiBe)              Turns: 7679, Time: 00:21:46

Health: -6/81      AC: 15    Str: 23    XL:     9   Next: 72%
Magic:  8/8        EV: 13    Int:  6    God:    Trog [****..]
Gold:   358        SH:  3    Dex: 10    Spells: 8/8 levels left

rFire    . . .     SeeInvis .   n - +1 long sword (vorpal)
rCold    . . .     Gourm    .   M - +0 buckler
rNeg     . . .     Faith    .   j - +0 chain mail
rPois    .         Spirit   .   (helmet restricted)
rElec    .         Reflect  .   (no cloak)
rCorr    .         Harm     .   N - +2 pair of gloves
MR       .....                  (no boots)
Stlth    ..........             (no amulet)
HPRegen  0.23/turn              o - +4 ring of evasion
MPRegen  0.11/turn              (no ring)

@: no status effects
A: retaliatory headbutt, horns 2
a: Berserk, Trog's Hand, Brothers in Arms, Renounce Religion


You were on level 8 of the Dungeon.
You worshipped Trog.
Trog was greatly pleased with you.
You were hungry.

You visited 2 branches of the dungeon, and saw 9 of its levels.

You collected 358 gold pieces.

Inventory:

Hand Weapons
 a - a +1 falchion
 f - a +0 hunting sling
 n - a +1 vorpal long sword (weapon)
 A - a +2 dagger of venom
Armour
 b - a +0 animal skin
 j - a +0 chain mail (worn)
 v - a +1 pair of gloves
 G - a +2 helmet
 M - a +0 buckler (worn)
 N - a +2 pair of gloves (worn)
Jewellery
 k - a cursed -4 ring of dexterity
 l - an uncursed ring of fire {unknown}
 o - a +4 ring of evasion (left hand)
 p - a +6 ring of intelligence
 z - an uncursed ring of protection from cold
 H - an uncursed ring of fire {unknown}
 O - an uncursed ring of magical power
Wands
 s - a wand of disintegration (14)
 w - a wand of random effects (13)
 y - a wand of polymorph (3)
 B - a wand of flame (30)
Scrolls
 d - 3 scrolls of remove curse
 g - 3 scrolls of teleportation
 i - a scroll of fear
 t - a scroll of fog
 E - a scroll of blinking
Potions
 e - 2 potions of curing {unknown}
 h - a potion of lignification {unknown}
 m - a potion of heal wounds {unknown}
 q - 2 potions of invisibility
 r - a potion of cancellation {unknown}
 u - a potion of magic {unknown}
 x - a potion of flight
 C - 2 potions of ambrosia {unknown}
 D - a potion of berserk rage {unknown}
 F - 2 potions of might {unknown}
 J - 2 potions of stabbing {unknown}
Comestibles
 c - 18 rations
 K - 3 chunks of flesh


   Skills:
 + Level 8.1 Fighting
 + Level 11.1 Long Blades
 + Level 9.9 Armour
 + Level 3.6 Dodging
 + Level 1.1 Stealth
 + Level 0.1 Shields
 + Level 0.1 Evocations


You had 8 spell levels left.
You didn't know any spells.
Your spell library was empty.

Dungeon Overview and Level Annotations

Branches:
Dungeon (8/15)             Temple (1/1) D:7
   Lair: D:8-11

Altars:
Ashenzari
Cheibriados
Dithmenos
Fedhas
Hepliaklqana
Makhleb
Nemelex Xobeh
Okawaru
Qazlal
Sif Muna
Trog
Uskayaw
Wu Jian
Xom
Yredelemnul
Zin
The Shining One


Innate Abilities, Weirdness & Mutations

You reflexively headbutt those who attack you in melee.
You have a pair of horns on your head.


Message History

The nine-headed hydra barely misses you.
You hit the nine-headed hydra.
The nine-headed hydra is severely wounded.
The nine-headed hydra bites you but does no damage. x3
The nine-headed hydra closely misses you.
The nine-headed hydra barely misses you.
The nine-headed hydra bites you but does no damage.
The nine-headed hydra closely misses you.
The nine-headed hydra bites you!
* * * LOW HITPOINT WARNING * * *
The nine-headed hydra barely misses you.
You chop one of the nine-headed hydra's heads off!
The eight-headed hydra grows two more!
You slash the ten-headed hydra! You headbutt the ten-headed hydra.
The ten-headed hydra is severely wounded.
The ten-headed hydra barely misses you.
The ten-headed hydra closely misses you. x2
The ten-headed hydra bites you but does no damage.
The ten-headed hydra bites you!
You die...

....##########
#....#.KD@....# .
#....#).#.....# ..
.....#+###'''## #.###
#....#.≈P.....#
.....###....#P≈≈..P..#####
.....#...>..#≈≈P.....#...#
............#P≈...÷..#...#
.....<.....##PP≈)≈.≈.#...#
...........######.####...#


You could see a ten-headed hydra and a big kobold.

Vanquished Creatures
  2 dream sheep (D:8)
  2 yaks (D:8)
  2 black bears (D:7)
  An orc warrior (D:6)
  2 ice beasts
  2 sky beasts
  A phantom (D:6)
  3 ogres
  4 centaurs
  2 big kobolds (D:8)
  2 bullfrogs
  A scorpion (D:4)
  3 howler monkeys
  A crimson imp (D:7)
  A centaur zombie (D:5)
  4 hounds
  A bullfrog zombie (D:7)
  A jelly (D:5)
  2 orc priests
  2 centaur skeletons
  2 iguanas
  6 orc wizards
  6 worker ants
  A hound skeleton (D:6)
  A worker ant zombie (D:8)
  9 adders
  A howler monkey skeleton (D:7)
  3 oozes
  3 adder skeletons
  4 worms
  3 dart slugs
  5 leopard geckos
  19 orcs
  11 bats
  6 giant cockroaches
  11 goblins
  6 hobgoblins
  6 kobolds
  8 quokkas
  2 ball pythons
  4 frilled lizards
  A jackal skeleton (D:4)
  19 rats
176 creatures vanquished.

Notes
Turn   | Place    | Note
-------+----------+-------------------------------------------
     0 | D:1      | FunkcjonariuszKulson the Minotaur Berserker began the quest
                  | for the Orb.
     0 | D:1      | Reached XP level 1. HP: 19/19 MP: 0/0
   119 | D:1      | Reached skill level 4 in Long Blades
   119 | D:1      | Reached XP level 2. HP: 20/27 MP: 1/1
   548 | D:1      | Reached ** piety under Trog
   565 | D:1      | Reached XP level 3. HP: 33/33 MP: 2/2
   976 | D:2      | Found a hide-covered altar of Uskayaw.
  1598 | D:2      | Found an ornate altar of the Wu Jian Council.
  1904 | D:2      | Reached XP level 4. HP: 41/41 MP: 3/3
  1932 | D:2      | Reached skill level 5 in Long Blades
  2242 | D:2      | Reached *** piety under Trog
  2459 | D:2      | Reached skill level 5 in Fighting
  2695 | D:3      | Found a shimmering altar of Xom.
  2698 | D:3      | Found a shattered altar of Ashenzari.
  2705 | D:3      | Reached XP level 5. HP: 48/48 MP: 4/4
  3637 | D:4      | Reached skill level 6 in Long Blades
  3672 | D:4      | Reached XP level 6. HP: 55/56 MP: 5/5
  4073 | D:4      | Reached **** piety under Trog
  4275 | D:5      | Entered Level 5 of the Dungeon
  4284 | D:5      | Reached skill level 7 in Long Blades
  4284 | D:5      | Reached XP level 7. HP: 61/61 MP: 6/6
  4288 | D:5      | Reached skill level 5 in Armour
  4863 | D:5      | Reached skill level 8 in Long Blades
  5236 | D:6      | Reached XP level 8. HP: 38/70 MP: 7/7
  5384 | D:6      | Found a basalt altar of Yredelemnul.
  6174 | D:6      | Reached skill level 9 in Long Blades
  6427 | D:6      | Found a bloodstained altar of Trog.
  6713 | D:7      | Reached XP level 9. HP: 79/79 MP: 8/8
  6870 | D:7      | Found a staircase to the Ecumenical Temple.
  6879 | Temple   | Entered the Ecumenical Temple
  7098 | D:7      | Reached skill level 10 in Long Blades
  7424 | D:7      | Found a hazy altar of Hepliaklqana.
  7437 | D:7      | Found a shadowy altar of Dithmenos.
  7554 | D:8      | Reached skill level 1 in Stealth
  7561 | D:8      | Reached skill level 11 in Long Blades
  7667 | D:8      | Noticed a three-headed hydra
  7678 | D:8      | HP: 4/81 [nine-headed hydra (10)]
  7679 | D:8      | Mangled by a ten-headed hydra

Illustrated notes

Levels and vault maps discovered:
D:1:      heliophobic_arrival_enchanted_forest, layout_loops_ring,
          minmay_misc_feat_ornament
D:2:      minmay_thinvault, layout_basic, lemuel_coloured_pillars_altar,
          overflow_temple_1_default
D:3:      layout_basic, grunt_temple_overflow_open
D:4:      layout_gridville, serial_glass, glass_columns_a, glass_columns_b
D:5:      layout_rooms, first_ration
D:6:      nicolae_whirlpool, layout_loops_ring, lemuel_doored_altar,
          kennysheep_little_box, grunt_ministairs_15
D:7:      layout_rooms, riverfiend_overflow_shadow_ancestor,
          minmay_temple_entry_enclosed_plants
D:8:      layout_rooms, minitemple, hangedman_ranch [blue_anna_fruit_fields],
          nicolae_dithmenos_the_darkroom, uniq_gastronok, uniq_joseph
Temple:   nicolae_temple_figure_zero

Skill      XL: |  1  2  3  4  5  6  7  8  9 |
---------------+----------------------------+-----
Fighting       | 4 5 6 7 8 |  8.1
Long Blades    | 4 5 6 7 8 9 11 | 11.1
Armour         | 3 4 6 8 9 |  9.9
Dodging        | 3 |  3.6
Stealth        | 1 |  1.1
Shields        | |  0.1
Evocations     | |  0.1

Action                   |  1- 3 |  4- 6 |  7- 9 || total
-------------------------+-------+-------+-------++-------
Melee: Falchion          |    85 |    90 |       ||   175
       Headbutt          |    12 |    28 |    34 ||    74
       Long sword        |       |    44 |   206 ||   250
Invok: Berserk           |       |     4 |     5 ||     9
Evoke: Wand              |       |       |     1 ||     1
  Use: Scroll            |       |    11 |     6 ||    17
       Potion            |       |       |     1 ||     1
  Eat: Chunk             |     3 |     7 |     9 ||    19
       Ration            |       |     1 |     2 ||     3
Armor: Animal skin       |     8 |       |       ||     8
       Chain mail        |    15 |    88 |   119 ||   222
Dodge: Dodged            |    59 |    63 |   137 ||   259
Block: Buckler           |       |       |     7 ||     7
       Rpst.: Falchion   |    12 |    13 |       ||    25
       Long sword        |       |     3 |    20 ||    23
